 Dungeon Crawl Stone Soup version 0.29-a0-275-g389c0b56f3 (webtiles) character file.

Game seed: 7218372789810684810

21718 Ijustatesigmund the Fighter (level 12, -6/113 HPs)
             Began as a Minotaur Fighter on Mar 11, 2022.
             Was an Elder of the Shining One.
             Mangled by a four-headed hydra (8 damage)
             ... on level 2 of the Lair of Beasts.
             The game lasted 00:31:14 (18470 turns).

Ijustatesigmund the Fighter (Minotaur Fighter)     Turns: 18470, Time: 00:31:15

Health: -6/113     AC:  6    Str: 26    XL:     12   Next: 56%
Magic:  16/17      EV: 12    Int:  5    God:    the Shining One [****..]
Gold:   608        SH: 19    Dex: 10    Spells: 11/11 levels left

rFire   . . .      SeeInvis +   z - +0 war axe (flame)
rCold   + + +      Faith    .   c - +0 kite shield
rNeg    + + .      Spirit   .   L - +4 skin of Zhor {*Englaciate rC+++ SInv}
rPois   +          Reflect  .   (helmet restricted)
rElec   .          Harm     .   F - scarf {repulsion}
rCorr   +          Rampage  .   (no gloves)
Will    .....      Rage     1%  (no boots)
Stlth   +.........              (no amulet)
HPRegen 0.28/turn               u - ring of resist corrosion
MPRegen 0.15/turn               A - ring of poison resistance

@: divinely shielded, glowing, repel missiles
A: horns 2, retaliatory headbutt, berserk 1
a: Renounce Religion, Divine Shield, Cleansing Flame


You were on level 2 of the Lair of Beasts.
You worshipped the Shining One.
The Shining One was greatly pleased with you.
You visited 3 branches of the dungeon, and saw 15 of its levels.
You also visited: Gauntlet.

You collected 768 gold pieces.
You spent 160 gold pieces at shops.

Inventory:

Hand Weapons
 a - a +1 war axe of freezing
 q - a +1 mace of draining
 v - a +1 war axe of draining
 w - a +6 morningstar
 z - a +0 war axe of flaming (weapon)
Missiles
 d - 3 silver javelins
 e - a throwing net (quivered)
Armour
 b - a +0 chain mail
 c - a +0 kite shield (worn)
 r - a +0 cloak
 F - a scarf of repulsion (worn)
 L - the +4 skin of Zhor (worn) {*Englaciate rC+++ SInv}
   (You found it on level 1 of the Lair of Beasts)

   It radiates cold, occasionally slowing all nearby creatures who are not
   resistant to cold.
   rC:        It renders you almost immune to cold.
   SInv:      It lets you see invisible.
Jewellery
 u - a ring of resist corrosion (left hand)
 A - a ring of poison resistance (right hand)
 B - a ring of ice
 H - a ring of fire
Wands
 y - a wand of flame (39)
 D - a wand of polymorph (11)
 E - a wand of charming (4)
 J - a wand of iceblast (8)
Scrolls
 f - 2 scrolls of fog
 g - a scroll of fear
 i - 10 scrolls of identify
 k - 4 scrolls of teleportation
 t - a scroll of amnesia
 G - 3 scrolls of blinking
 I - a scroll of enchant armour
Potions
 h - 2 potions of brilliance
 j - a potion of flight
 l - a potion of lignification
 m - 2 potions of resistance
 n - a potion of ambrosia
 o - a potion of haste
 p - 3 potions of attraction
 s - 2 potions of invisibility
 x - a potion of magic
 C - a potion of cancellation


   Skills:
 + Level 12.7 Fighting
 + Level 12.7 Axes
 + Level 9.0 Armour
 - Level 6.6 Dodging
 - Level 7.6 Shields
 + Level 8.5 Invocations
 - Level 6.6 Evocations


You had 11 spell levels left.
You didn't know any spells.
Your spell library contained the following spells:

 Spells                   Type           Power      Damage    Failure   Level
 Animate Skeleton         Necr           0%         N/A       80%         1
 Pain                     Necr           0%         1d4       80%         1
 Slow                     Hex            0%         N/A       80%         1
 Summon Small Mammal      Summ           0%         N/A       80%         1
 Corpse Rot               Necr/Air       0%         N/A       90%         2
 Call Canine Familiar     Summ           0%         N/A       99%         3
 Confusing Touch          Hex            0%         N/A       99%         3
 Summon Guardian Golem    Hex/Summ       0%         N/A       99%         3
 Vampiric Draining        Necr           0%         2d6       99%         3
 Dispel Undead            Necr           0%         3d6       100%        4
 Death Channel            Necr           0%         N/A       100%        6
 Orb of Destruction       Conj           0%         9d5       100%        7
 Spellforged Servitor     Conj/Summ      0%         N/A       100%        7


Dungeon Overview and Level Annotations

Branches:
Dungeon (12/15)            Temple (1/1) D:6            Lair (2/6) D:9
  Swamp (0/4) Lair:2        Snake (0/4) Lair:2          Orc (0/2) D:12
Gauntlet (visited)

Altars:
Ashenzari
Cheibriados
Dithmenos
Elyvilon
Fedhas
Gozag
Hepliaklqana
Kikubaaqudgha
Makhleb
Nemelex Xobeh
Okawaru
Qazlal
Ru
Sif Muna
Trog
Uskayaw
Vehumet
Wu Jian
Xom
Yredelemnul
Zin
The Shining One

Shops:
D:1 (   D:3 !   D:4 [*!*   D:6 ?

Annotations:
D:12 3 runed translucent doors, Frances; raistware's ghost, journeyman HuIE


Innate Abilities, Weirdness & Mutations

You have a pair of horns on your head.
You reflexively headbutt those who attack you in melee.
You tend to lose your temper in combat.


Message History

You closely miss the blink frog.
The blink frog is lightly wounded.
You hit the black mamba but do no damage.
You radiate an aura of cold.
The black mamba seems to slow down.
The blink frog seems to slow down.
The black mamba closely misses you. You block the blink frog's attack.
You closely miss the blink frog.
The blink frog is lightly wounded.
You hit the black mamba.
The black mamba seems to slow down.
You freeze the black mamba.
You kill the black mamba!
You block the blink frog's attack.
You slice the blink frog!! You freeze the blink frog.
The blink frog is almost dead.
You block the blink frog's attack.
You hit the blink frog.
The blink frog seems to slow down.
You freeze the blink frog.
You kill the blink frog!
Your Armour skill increases to level 9!
Found an escape hatch in the floor.
You hear the faint crackling of a distant melting archway.
A four-headed hydra comes into view.
Found a book of Spectacle.
Your +1 war axe of freezing stops glowing.
Your +0 war axe of flaming bursts into flame!
z - a +0 war axe of flaming (weapon)
You hit the four-headed hydra. You burn the four-headed hydra.
You headbutt the four-headed hydra!
The four-headed hydra is moderately wounded.
You block the four-headed hydra's attack.
The four-headed hydra bites you!
* * * LOW HITPOINT WARNING * * *
You block the four-headed hydra's attack.
The four-headed hydra bites you!
* * * LOW HITPOINT WARNING * * *
You feel better. The four-headed hydra bites you!
* * * LOW HITPOINT WARNING * * *
You block the four-headed hydra's attack.
The four-headed hydra bites you!
You die...

#####**,..,**,*,,,,****,*,,,,,,,,
#PP# ###..#********* **,,,,,,,,,
...###....###### ****,,,,,,,,
.PP#.#.#..P#.#.#######,*,,,,,,,,,
#.....................,,,,,,,,,,,
..............>.....,,,,,,,,,,,,,
...P...######.....#,,*,,,**,,,,,,
#.....#†..##..#D..###..#**,***,,*
#...............@.....:.,,,,,,,,,
#.....................≈≈≈≈≈≈,,,,,
#...#.##.##..#######.≈≈≈≈≈≈≈≈,*,,
P.##.######..#*****,≈≈≈.,,≈≈≈,*,,
#.....,,,......,,,,≈≈≈,.,≈,≈≈≈,,,
#......,........,,,≈≈≈,,,,,,≈≈,,,
.................,,≈≈,≈,>,,,≈≈,,,
.....,,..........,,≈≈,≈,,≈,≈≈≈≈,,
,,,,,,,,,,,,,,,,,,,≈≈≈,,≈,,≈≈≈,,,


You could see a four-headed hydra.

Vanquished Creatures
  A minotaur (Gauntlet)
  An ogre mage (D:10)
  2 two-headed ogres (D:11)
  2 centaur warriors
  A worldbinder (Gauntlet)
  A cyclops (D:12)
  2 black mambas
  A torpor snail (Lair:1)
  A cane toad (Lair:1)
  Psyche (D:8)
  3 rime drakes (Lair:1)
  A kobold demonologist (D:12)
  A minotaur zombie (Gauntlet)
  2 komodo dragons
  3 trolls
  6 polar bears
  4 blink frogs
  Grinder (D:6)
  Prince Ribbit (D:6)
  6 flying skulls (Gauntlet)
  19 yaks
  A wyvern (D:10)
  2 shadows (D:12)
  2 steam dragons
  5 vampire mosquitoes
  A neqoxec (Gauntlet)
  A chaos spawn (Gauntlet)
  An acid dragon (D:8)
  A two-headed ogre zombie (D:12)
  2 water moccasins
  2 orc warriors
  2 ice beasts (D:6)
  2 sky beasts (D:5)
  4 black bears
  3 ogres
  A centaur (D:7)
  A boggart (Gauntlet)
  3 wolves (Lair:1)
  A phantom (D:5)
  5 bullfrogs
  3 gnoll sergeants
  6 scorpions
  13 wights
  A troll zombie (D:12)
  29 killer bees
  A howler monkey (D:10)
  3 orc priests
  A hound (D:6)
  3 jellies
  6 iguanas
  6 orc wizards
  6 ogre zombies (D:12)
  5 adders
  10 gnolls
  A white imp (D:7)
  A worm (D:4)
  4 dart slugs
  18 orcs
  6 ball pythons
  6 bats
  2 endoplasms
  4 giant cockroaches
  3 goblins
  5 hobgoblins
  8 jackals
  A quokka (D:3)
  2 frilled lizards
  3 goblin skeletons (D:12)
  4 goblin zombies (D:12)
  A hobgoblin skeleton (D:12)
  A hobgoblin zombie (D:12)
  5 kobolds
  4 orc skeletons (D:12)
  12 orc zombies (D:12)
  6 rats
290 creatures vanquished.

Vanquished Creatures (others)
  A shadow imp (D:8)
  An orc (D:8)
  2 fungi (Lair:1)
  8 plants
12 creatures vanquished.

Grand Total: 302 creatures vanquished

Notes
Turn   | Place    | Note
-------+----------+-------------------------------------------
     0 | D:1      | Ijustatesigmund the Minotaur Fighter began the quest for
                  | the Orb.
     0 | D:1      | Reached XP level 1. HP: 19/19 MP: 0/0
   206 | D:1      | Reached XP level 2. HP: 27/27 MP: 1/1
   416 | D:1      | Found a faded altar of an unknown god.
   538 | D:1      | Found Jaod's Antique Weapon Emporium.
   952 | D:2      | Reached XP level 3. HP: 21/33 MP: 2/2
  2232 | D:3      | Reached XP level 4. HP: 41/41 MP: 3/3
  2654 | D:3      | Reached XP level 5. HP: 46/47 MP: 4/4
  2658 | D:3      | Reached skill level 5 in Axes
  2660 | D:3      | Reached skill level 5 in Fighting
  2668 | D:3      | Found Dyimet's Distillery.
  2677 | D:3      | Bought 2 potions of heal wounds for 130 gold pieces
  2937 | D:4      | Found a snail-covered altar of Cheibriados.
  3061 | D:4      | Found Ovufum's Distillery.
  3294 | D:4      | Found Utos's General Store.
  3444 | D:4      | Reached XP level 6. HP: 44/56 MP: 5/5
  3531 | D:4      | Reached skill level 5 in Armour
  4076 | D:4      | Found Qammytze's Antique Armour Shoppe.
  4129 | D:4      | Found Dacoryma's General Store.
  4200 | D:4      | Bought a potion of curing for 30 gold pieces
  4229 | D:5      | Entered Level 5 of the Dungeon
  4431 | D:5      | Reached XP level 7. HP: 58/64 MP: 6/6
  4727 | D:5      | Reached skill level 5 in Shields
  5082 | D:5      | Reached XP level 8. HP: 38/73 MP: 7/7
  5304 | D:5      | Identified the +10 quarterstaff "Kihill" {drain, rElec
                  | rPois rCorr}
  5573 | D:6      | Found a staircase to the Ecumenical Temple.
  5833 | Temple   | Entered the Ecumenical Temple
  6001 | Temple   | Became a worshipper of the Shining One
  6171 | D:6      | Noticed Prince Ribbit
  6177 | D:6      | Killed Prince Ribbit
  6178 | D:6      | Reached skill level 1 in Dodging
  6178 | D:6      | Reached skill level 1 in Invocations
  6300 | D:6      | Found Bacuym's Magic Scroll Emporium.
  6612 | D:6      | Noticed Grinder
  6613 | D:6      | Paralysed by Grinder for 6 turns
  6623 | D:6      | Killed Grinder
  6624 | D:6      | Reached XP level 9. HP: 58/82 MP: 8/10
  6955 | D:6      | Reached * piety under the Shining One
  9077 | D:8      | Reached skill level 5 in Dodging
  9448 | D:8      | Reached skill level 10 in Axes
  9451 | D:8      | Reached skill level 10 in Fighting
  9451 | D:8      | Reached skill level 5 in Invocations
  9451 | D:8      | Reached XP level 10. HP: 34/93 MP: 12/12
  9453 | D:8      | Noticed Psyche
  9464 | D:8      | The Shining One protects you from harm!
  9822 | D:8      | Killed Psyche
 10085 | D:8      | Identified the +9 long sword of Xeagann {speed, rCorr Dex+5
                  | Stlth+}
 11021 | D:9      | Found an ornate altar of the Wu Jian Council.
 11104 | D:9      | Found an ancient bone altar of Kikubaaqudgha.
 11179 | D:9      | Reached ** piety under the Shining One
 11802 | D:9      | Found a staircase to the Lair.
 11857 | D:9      | Found a shadowy altar of Dithmenos.
 11920 | D:10     | Entered Level 10 of the Dungeon
 12360 | D:10     | Noticed a centaur warrior
 12708 | D:11     | Noticed a two-headed ogre
 12714 | D:11     | Killed a two-headed ogre
 12715 | D:11     | Reached XP level 11. HP: 102/102 MP: 13/15
 12765 | D:11     | Noticed an ogre mage
 12766 | D:11     | Noticed a two-headed ogre
 13048 | D:11     | Noticed a two-headed ogre
 13055 | D:10     | Killed an ogre mage
 13138 | D:10     | Killed a centaur warrior
 13361 | D:11     | Killed a two-headed ogre
 13803 | D:11     | Noticed a two-headed ogre
 13837 | D:12     | Reached *** piety under the Shining One
 13859 | D:12     | Found a gate leading to a gauntlet.
 13869 | Gauntlet | Entered a Gauntlet
 13869 | Gauntlet | Found a transporter.
 14157 | Gauntlet | Found a transporter.
 14158 | Gauntlet | Found a transporter.
 14196 | Gauntlet | Gained mutation: You tend to lose your temper in combat. [a
                  | neqoxec]
 14204 | Gauntlet | Reached skill level 1 in Evocations
 14212 | Gauntlet | Found a runed translucent door.
 14213 | Gauntlet | Found a transporter.
 14221 | Gauntlet | Found a runed translucent door.
 14239 | Gauntlet | Found a runed translucent gate.
 14240 | Gauntlet | Found a runed translucent gate.
 14263 | Gauntlet | Noticed a glowing orange brain
 14263 | Gauntlet | Noticed a glowing orange brain
 14263 | Gauntlet | Found a transporter.
 14263 | Gauntlet | Found a transporter.
 14263 | Gauntlet | Found a transporter.
 14270 | Gauntlet | Noticed a goliath frog
 14272 | Gauntlet | Noticed a bog body
 14272 | Gauntlet | Noticed a bog body
 14278 | Gauntlet | Noticed a white ugly thing
 14403 | Gauntlet | Found a transporter.
 14406 | Gauntlet | Found a transporter.
 14452 | Gauntlet | Noticed a minotaur
 14461 | Gauntlet | Killed a minotaur
 14462 | Gauntlet | Reached skill level 5 in Evocations
 14939 | D:12     | Found the +8 demon trident "Rift" {distort, reach+}
 14961 | D:12     | Noticed a centaur warrior
 14972 | D:12     | Killed a centaur warrior
 15298 | D:12     | Found a staircase to the Orcish Mines.
 15310 | D:12     | Reached **** piety under the Shining One
 15483 | D:12     | Found a runed translucent gate.
 15483 | D:12     | Found a runed translucent gate.
 15483 | D:12     | Found a runed translucent gate.
 15487 | D:12     | Noticed raistware's ghost (journeyman HuIE)
 15488 | D:12     | Noticed a naga warrior
 15501 | D:12     | Identified the ring of Contentment {Will+ rCorr Slay+2}
 15688 | D:12     | Reached XP level 12. HP: 102/112 MP: 16/16
 16200 | D:12     | Noticed Frances
 16627 | Lair:1   | Entered Level 1 of the Lair of Beasts
 18200 | Lair:1   | Found the +4 skin of Zhor {*Englaciate rC+++ SInv}
 18465 | Lair:2   | Noticed a four-headed hydra
 18469 | Lair:2   | HP: 4/113 [four-headed hydra (12)]
 18470 | Lair:2   | Mangled by a four-headed hydra

Illustrated notes

Levels and vault maps discovered:
D:1:      onia_arrival_mini_spirals, layout_loops_ring,
          ebering_ecumenical_altar_rust, serial_shops, shop
D:2:      minmay_razor_zed, layout_basic
D:3:      layout_basic, serial_shops, nicolae_diamond_shop
D:4:      layout_rooms, cheibriados_altar_1, serial_shops, shop_fountains,
          nicolae_lakefront_shop, shop, nicolae_lakefront_shop, hex_intersection
D:5:      layout_loops_ring, small_statue_intersection, hangedman_glass_garden,
          nicolae_grassy_gnolls
D:6:      layout_gridville, minmay_temple_entry_butterflies, serial_shops,
          nicolae_shop_waterfront, uniq_prince_ribbit1, uniq_grinder
D:7:      layout_loops_corners
D:8:      layout_gridville, uniq_psyche
D:9:      layout_stronghold, nicolae_dithmenos_through_a_glass_darkly,
          mainiacjoe_overflow_tiny_flanked, old_standard_altar,
          lair_entry_dummy, chequers_serial_rivers_micro_d, kennysheep_path_1
D:10:     layout_loops_ring, serial_park_tiny_pond
D:11:     gammafunk_cloud_chamber, layout_basic, nicolae_underground_beach
D:12:     layout_basic, zombieorc2_lemuel, gammafunk_ghost_fury_of_okawaru,
          gauntlet_entry_generic, uniq_frances
Temple:   regret_index_temple_mists
Lair:1:   beast_lair_carwin_large_2, layout_regular_city,
          hellmonk_guarded_unrand_zhor
Lair:2:   beast_lair_carwin_large_1, layout_long_grid, minmay_swamp_entry_worms,
          guppyfry_snake_entry_island, portal_ice_cave_demonic_guard, uniq_erica

Skill      XL: |  1  2  3  4  5  6  7  8  9 10 11 12 |
---------------+-------------------------------------+-----
Axes           | 3 4 5 6 7 8 10 11 12 | 12.7
Fighting       | 4 5 6 7 8 10 11 12 | 12.7
Armour         | 4 5 6 7 9 |  9.0
Shields        | 4 5 6 7 |  7.6
Dodging        | 3 5 6 |  6.6
Invocations    | 2 5 6 7 8 |  8.5
Evocations     | 6 |  6.6

Action                   |  1- 3 |  4- 6 |  7- 9 | 10-12 || total
-------------------------+-------+-------+-------+-------++-------
Melee: War axe           |    68 |   104 |   179 |   409 ||   760
       Headbutt          |     3 |    15 |    30 |   116 ||   164
Invok: Divine Shield     |       |       |       |    12 ||    12
       Cleansing Flame   |       |       |       |     2 ||     2
Evoke: Wand              |       |       |       |     8 ||     8
  Use: Scroll            |    13 |     6 |     3 |    10 ||    32
       Potion            |       |     1 |     4 |    12 ||    17
Armor: Scale mail        |     8 |       |       |       ||     8
       Chain mail        |    28 |    52 |    63 |   157 ||   300
       Animal skin       |       |       |       |     5 ||     5
Dodge: Dodged            |    24 |    16 |    45 |   155 ||   240
       Repelled          |       |       |       |     2 ||     2
Block: Buckler           |     8 |       |       |       ||     8
       Kite shield       |    19 |    35 |    82 |   247 ||   383

Table legend: (Time is in decaauts)
 A = Elapsed time spent in this place.
 B = Non-inter-level travel time spent in this place.
 C = Inter-level travel time spent in this place.
 D = Time resting spent in this place.
 E = Time spent auto-exploring this place.
 F = Levels seen in this place.
 G = Mean time per level.
                   A        B        C        D        E       F      G
               +--------+--------+--------+--------+--------+-----+--------+
         Total |  18671 |  18135 |    536 |   6006 |   9797 |  16 | 1166.9 |
       Dungeon |  15505 |  15072 |    433 |   4676 |   8616 |  12 | 1292.1 |
        Temple |    258 |    231 |     27 |      0 |    147 |   1 |  258.0 |
          Lair |   1850 |   1776 |     74 |    681 |    850 |   2 |  925.0 |
      Gauntlet |   1056 |   1056 |      0 |    649 |    184 |   1 | 1056.0 |
               +--------+--------+--------+--------+--------+-----+--------+

Top non-repeatable levels by time:
  Lair:1: 1793 daAuts
     D:9: 1716 daAuts
    D:10: 1689 daAuts
     D:5: 1608 daAuts
     D:7: 1515 daAuts
     D:6: 1411 daAuts
     D:2: 1391 daAuts
    D:12: 1353 daAuts
     D:8: 1339 daAuts
     D:4: 1323 daAuts
Gauntlet: 1056 daAuts
     D:1: 859 daAuts
     D:3: 725 daAuts
    D:11: 572 daAuts
  Temple: 258 daAuts
